 Dungeon Crawl Stone Soup version 0.30.1-4-g462c640d31 (webtiles) character file.

Game seed: 17994688898726463612

30 GeoRichter the Chopper (level 3, -3/46 HPs)
             Began as a Hill Orc Reaver on Sept 8, 2023.
             Slain by Terence
             ... wielding a +7 falchion of electrocution
              (10 damage)
             ... on level 2 of the Dungeon.
             The game lasted 00:01:22 (852 turns).

GeoRichter the Chopper (Hill Orc Reaver)             Turns: 852, Time: 00:01:23

Health: -3/46      AC: 21    Str: 16    XL:     3   Next: 18%
Magic:  5/5        EV:  2    Int: 13    God:
Gold:   90         SH:  0    Dex:  9    Spells: 4/5 levels left

rFire   . . .        a - +0 hand axe
rCold   . . .        (no shield)
rNeg    . . .        f - melded +0 chain mail
rPois   +            (helmet currently unavailable)
rElec   .            (cloak currently unavailable)
rCorr   .            (gloves currently unavailable)
SInv    .            (boots currently unavailable)
Will    .....        (no amulet)
Stlth   +            (no ring)
HPRegen 0.27/turn    (no ring)
MPRegen 0.09/turn

%: no passive effects
@: tree-form (expiring)
A: stationary, stasis, torment immunity, boosted hp
a: no special abilities


You were on level 2 of the Dungeon.
You were a tree.
You visited 1 branch of the dungeon, and saw 2 of its levels.

You collected 90 gold pieces.

Inventory:

Hand Weapons
 a - a +0 hand axe (weapon)
Missiles
 b - 2 throwing nets {!f}
Armour
 f - a +0 chain mail (melded)
   (You found it on level 1 of the Dungeon)
Scrolls
 e - a scroll of enchant armour {unknown}
 g - 2 scrolls of identify {@r1}
Potions
 d - a potion of berserk rage {unknown}
 h - a potion of heal wounds {unknown}


   Skills:
 + Level 3.1 Fighting
 * Level 5.2 Axes
 - Level 1.5 Dodging
 - Level 1.5 Spellcasting
 - Level 3.0 Conjurations


You had 4 spell levels left.
You knew the following spells:

 Your Spells              Type           Power      Damage    Failure   Level
a - Kiss of Death         Conj/Necr      16%        2d6       14%         1

Your spell library contained the following spells:

 Spells                   Type           Power      Damage    Failure   Level
 Momentum Strike          Conj/Tloc      8%         3d8       22%         2
 Dazzling Flash           Conj/Hex       8%         N/A       41%         3
 Hailstorm                Conj/Ice       4%         3d4       41%         3
 Volatile Blastmotes      Fire/Tloc      2%         2d10      63%         3
 Iskenderun's Mystic Bla  Conj/Tloc      4%         2d3       82%         4
 Starburst                Conj/Fire      2%         6d3       100%        6


Dungeon Overview and Level Annotations

Branches:
Dungeon (2/15) Zot: 11142

Altars:
Gozag

Annotations:
D:2 Terence


Message History

No target in view!
You see here a ball python corpse.
Found 14 gold pieces.
Found a brown potion.
You now have 86 gold pieces (gained 14).
Found 4 gold pieces.
c - a brown potion You now have 90 gold pieces (gained 4).
Terence the Incautious comes into view.
He is wielding a +7 falchion of electrocution and wearing a +3 chain mail of poison resistance.
Terence shouts!
As you read the scroll labelled WADAUSTRYDOR, it crumbles to dust.
It is a scroll of identify.
c - a potion of lignification Really quaff
c - a potion of lignification {!q}?
Really quaff the potion of lignification?
You turn into a tree.
Your +0 chain mail melds into your body.
Your roots penetrate the ground.
You hit Terence.
Terence is lightly wounded.
Terence says, "Time to say good-bye..."
Terence hits you with a +7 falchion of electrocution.
You are electrocuted!!
* * * LOW HITPOINT WARNING * * *
You hit Terence.
Terence is moderately wounded.
Terence hits you but does no damage.
You closely miss Terence.
Terence is moderately wounded.
Terence hits you but does no damage.
You hit Terence but do no damage.
Terence is moderately wounded.
Terence hits you with a +7 falchion of electrocution.
* * * LOW HITPOINT WARNING * * *
Unknown command.
You hit Terence but do no damage.
Terence is moderately wounded.
Terence hits you but does no damage.
You closely miss Terence.
Terence is moderately wounded.
Terence hits you but does no damage.
You hit Terence but do no damage.
Terence is moderately wounded.
Your transformation is almost over.
Terence hits you with a +7 falchion of electrocution!
* * * LOW HITPOINT WARNING * * *
You hit Terence but do no damage.
Terence is moderately wounded.
Terence hits you with a +7 falchion of electrocution!
You die...

#...........†.....#
#.....).....#####.######
#.....##..### #......#
#..#.###..# ##.....#
#..##..#..########.._..##
#..# #.#..#....†........##
##.#####..#.#####........#
#........#...@.#.#......#
######.#.#####♣#.#......#
#.#.........#......#
#.#######.#........#
#.........##.......#
#########.##.......#
#..#.##.####'##
#..#.##.####'#####
#..#.##.#........# #..#..
#........#


You could see Terence.

Vanquished Creatures
  3 bats (D:1)
  5 endoplasms
  2 giant cockroaches (D:1)
  2 goblins (D:1)
  3 hobgoblins
  3 kobolds (D:1)
  2 quokkas (D:1)
  2 ball pythons
  2 rats (D:1)
24 creatures vanquished.

Notes
Turn   | Place    | Note
-------+----------+-------------------------------------------
     0 | D:1      | GeoRichter the Hill Orc Reaver began the quest for the Orb.
     0 | D:1      | Reached XP level 1. HP: 18/18 MP: 3/3
   239 | D:1      | Reached XP level 2. HP: 25/25 MP: 4/4
   484 | D:1      | Reached skill level 5 in Axes
   598 | D:1      | Reached XP level 3. HP: 31/31 MP: 5/5
   758 | D:2      | Found an opulent altar of Gozag.
   842 | D:2      | Noticed Terence
   852 | D:2      | Slain by Terence

Illustrated notes

Levels and vault maps discovered:
D:1:      lemuel_arrival_tunnels, layout_basic, minmay_statues_item
D:2:      layout_basic, basic_altar, hangedman_abyss_or_decor_lesser_grid,
          minmay_misc_feat_square, uniq_terence

Skill      XL: |  1  2 |
---------------+-------+-----
Fighting       | 3 |  3.1
Axes           | 5 |  5.2
Dodging        | |  1.5
Spellcasting   | |  1.5
Conjurations   | |  3.0

Action                     || total
---------------------------++-------
  Melee: Hand axe          ||    72
    Use: Scroll            ||     1
         Potion            ||     1
 Armour: Ring mail         ||    26
         Skin              ||     4
         Chain mail        ||     1
  Dodge: Dodged            ||    54
